 Dungeon Crawl Stone Soup version 0.30-a0-908-g5a111fc481 (webtiles) character file.

Game seed: 8079868624044440429

20731 Dirian the Carver (level 12, -6/106 HPs)
             Began as a Minotaur Fighter on Mar 18, 2023.
             Was a High Priest of Okawaru.
             Mangled by a six-headed hydra (10 damage)
             ... on level 3 of the Lair of Beasts on Mar 19, 2023.
             The game lasted 00:25:14 (12251 turns).

Dirian the Carver (Minotaur Fighter)               Turns: 12251, Time: 00:25:14

Health: -6/106     AC: 19    Str: 23    XL:     12   Next: 48%
Magic:  17/19      EV: 10    Int:  5    God:    Okawaru [*****.]
Gold:   542        SH:  8    Dex: 11    Spells: 11/11 levels left

rFire   + . .      SeeInvis .    b - +0 demon whip (venom)
rCold   . . .      Faith    .    c - +1 buckler
rNeg    . . .      Spirit   .    u - +0 chain mail
rPois   +          Reflect  .    (helmet restricted)
rElec   .          Rampage  .    z - +0 cloak
rCorr   .                        g - +0 pair of gloves
Will    +....                    K - +0 pair of boots Stlth
                                 e - amulet of regeneration
HPRegen 1.17/turn                v - ring of willpower
MPRegen 0.16/turn                p - ring of poison resistance

@: about to teleport, heroic, frozen, very slow
A: horns 2, retaliatory headbutt, clumsy 1, fire resistance 1
a: Renounce Religion, Heroism, Finesse, Duel


You were on level 3 of the Lair of Beasts.
You worshipped Okawaru.
Okawaru was extremely pleased with you.
You visited 3 branches of the dungeon, and saw 15 of its levels.

You collected 902 gold pieces.
You spent 360 gold pieces at shops.

Inventory:

Hand Weapons
 a - a +3 scimitar
 b - a +0 demon whip of venom (weapon)
Missiles
 x - 2 throwing nets (quivered)
 B - 7 javelins
 C - 4 boomerangs
 G - 2 silver javelins
Armour
 c - a +1 buckler (worn)
 g - a +0 pair of gloves (worn)
 s - a +0 plate armour
 u - a +0 chain mail (worn)
 z - a +0 cloak (worn)
 K - a +0 pair of boots (worn)
Jewellery
 e - an amulet of regeneration (around neck)
 k - a +6 ring of strength
 o - the amulet of Elemental Vulnerability {rPois rF-- rC-- AC+8}
   (You found it on level 3 of the Dungeon)

   [amulet of nothing]

   AC:        It affects your AC (+8).
   rF:        It makes you very vulnerable to fire.
   rC:        It makes you very vulnerable to cold.
   rPois:     It protects you from poison.
 p - a ring of poison resistance (right hand)
 v - a ring of willpower (left hand)
Wands
 m - a wand of mindburst (21)
 y - a wand of roots (8)
Scrolls
 i - 3 scrolls of enchant armour
 r - 3 scrolls of identify
 t - 4 scrolls of teleportation
 D - a scroll of acquirement
 E - a scroll of fog
 J - a scroll of silence
Potions
 d - a potion of might
 f - a potion of magic
 h - 2 potions of haste
 j - a potion of ambrosia
 n - a potion of resistance
 q - 3 potions of curing
 w - 6 potions of heal wounds
 L - a potion of invisibility


   Skills:
 + Level 9.8(14.8) Fighting
 + Level 13.1(18.1) Long Blades
 + Level 11.4(16.4) Armour
 + Level 9.4(14.4) Shields
 - Level 11.5 Invocations
 - Level 5.0 Evocations


You had 11 spell levels left.
You didn't know any spells.
Your spell library contained the following spells:

 Spells                   Type           Power      Damage    Failure   Level
 Apportation              Tloc           0%         N/A       95%         1
 Necrotise                Necr           0%         1d4       95%         1
 Slow                     Hex            0%         N/A       95%         1
 Blink                    Tloc           0%         N/A       98%         2
 Lesser Beckoning         Tloc           0%         N/A       98%         2
 Momentum Strike          Conj/Tloc      0%         3d8       98%         2
 Confusing Touch          Hex            0%         N/A       100%        3
 Frozen Ramparts          Ice            0%         1d1       100%        3
 Vampiric Draining        Necr           0%         2d6       100%        3
 Ice Form                 Ice/Tmut       0%         N/A       100%        4
 Borgnjor's Vile Clutch   Necr/Erth      0%         N/A       100%        5
 Summon Small Mammal      Summ           Unusable   N/A       N/A         1
 Call Canine Familiar     Summ           Unusable   N/A       N/A         3
 Summon Guardian Golem    Hex/Summ       Unusable   N/A       N/A         3
 Animate Dead             Necr           Unusable   N/A       N/A         4
 Summon Ice Beast         Ice/Summ       Unusable   N/A       N/A         4
 Death Channel            Necr           Unusable   N/A       N/A         6

Dungeon Overview and Level Annotations

Branches:
Dungeon (11/15) Zot: 26211  Temple (1/1) D:4 Zot: 5926    Lair (2/5) D:10 Zot: 16911
 Shoals (0/4) Lair:2          Orc (0/2) D:10
  Snake: Lair:2-3    Spider: Lair:2-3

Altars:
Ashenzari
Cheibriados
Dithmenos
Elyvilon
Fedhas
Gozag
Hepliaklqana
Kikubaaqudgha
Makhleb
Nemelex Xobeh
Okawaru
Qazlal
Ru
Sif Muna
Trog
Uskayaw
Vehumet
Wu Jian
Xom
Yredelemnul
Zin
The Shining One

Shops:
D:9 =

Annotations:
D:5 2 transporters, mopl's ghost, novice DrEE
D:9 2 transporters


Innate Abilities, Weirdness & Mutations

You have a pair of horns on your head.
You reflexively headbutt those who attack you in melee.
You are clumsy. (Dex -2)
Your flesh is heat resistant. (rF+)


Message History

You block the six-headed hydra's attack.
The six-headed hydra bites you but does no damage.
You gain the combat prowess of a mighty hero.
The ice encasing you melts away.
The rime drake bites you but does no damage.
The six-headed hydra bites you.
* * * LOW HITPOINT WARNING * * *
The six-headed hydra barely misses you.
You block the six-headed hydra's attack.
The six-headed hydra closely misses you.
The six-headed hydra completely misses you.
The six-headed hydra bites you but does no damage.
The rime drake breathes ice at you. The icy flash freeze hits you.
* * * LOW HITPOINT WARNING * * *
You are encased in ice.
As you read the scroll of teleportation, it crumbles to dust.
You feel strangely unstable. The six-headed hydra bites you!
* * * LOW HITPOINT WARNING * * *
The six-headed hydra bites you.
* * * LOW HITPOINT WARNING * * *
The six-headed hydra barely misses you.
The six-headed hydra bites you but does no damage.
You block the six-headed hydra's attack.
The six-headed hydra bites you but does no damage.
The steam dragon breathes steam at you. The ball of steam misses you.
The rime drake bites you but does no damage.
The steam dragon attacks as you move away!
The steam dragon bites you.
* * * LOW HITPOINT WARNING * * *
The steam dragon claws you but does no damage.
The rime drake attacks as you move away!
You block the rime drake's attack.
The six-headed hydra is engulfed in a cloud of scalding steam.
The six-headed hydra completely misses you.
You block the six-headed hydra's attack.
The six-headed hydra bites you but does no damage. x3
The six-headed hydra bites you!
You die...

*,**,,*##.P.#.####*,~~,* **,,,*,,
,,,,,,....PPP....#*,~,,* *,,,,>,,
,,,,,,PP.........#,,~,,* **,,,,,,
,,,,,,...........#*,~~,* *,,,,,,,
*,,,,,.......#...##,,~,* *,,,,,,,
,,,,,,............#*,~,***,,,,,,,
,,,,,,..)##...##.##,,~,,***,,*,,,
,,,,,,...........#*,***,**,,,,,,,
*,,***,,,.......@##,,,,,***,,,***
,*,******.......DD#*,,,*****,*,,*
,,,,,,,,,.......k........,,,,,,,,
,,,,,,*,,....$.......#.#.,,,,,,,,
,,,,,,,,,..............,,,,,,,,,,
,,,,,,,,,....#.#......P.#,*,,,,,,
,,,,,,,,,................,,,,,,,,
,****,,,,....#.#.....P#..,,,,,,,,
,,,*,,,,,,,..**.#......#.,,,,,,,,


You could see a six-headed hydra, a rime drake and a steam dragon.

Vanquished Creatures
  A two-headed ogre (D:11)
  Amaemon (D:7)
  Pikel (D:7)
  A cyclops (D:11)
  4 cane toads (Lair:1)
  An orange demon (D:7)
  An unseen horror (D:10)
  A polar bear (Lair:1)
  2 trolls
  A centaur simulacrum (D:10)
  A vampire (D:11)
  5 wyverns
  38 yaks
  2 unseen horror simulacra (D:10)
  A basilisk (Lair:3)
  2 steam dragons
  Eustachio (D:4)
  5 vampire mosquitoes
  Menkaure (D:4)
  An acid dragon (D:11)
  6 water moccasins
  8 orc warriors
  6 black bears
  An ogre (D:5)
  4 centaurs
  12 wolves
  3 kobold brigands
  9 bullfrogs
  2 gnoll sergeants
  A scorpion (D:6)
  14 killer bees
  A howler monkey (D:6)
  A quasit (D:4)
  3 hounds
  3 jellies
  5 orc priests
  2 sleepcaps
  4 gnoll boudas
  Jessica (D:3)
  6 iguanas
  5 orc wizards
  Robin (D:3)
  26 gnolls
  4 adders
  2 shadow imps (D:4)
  8 white imps
  3 ufetubi
  3 dart slugs
  46 orcs
  7 ball pythons
  8 bats
  7 endoplasms
  5 giant cockroaches
  13 goblins
  10 hobgoblins
  4 jackals (D:5)
  7 quokkas
  6 frilled lizards
  14 kobolds
  5 rats
347 creatures vanquished.

Vanquished Creatures (others)
  2 demonic plants (D:5)
  2 fungi (D:10)
  3 plants
7 creatures vanquished.

Grand Total: 354 creatures vanquished

Notes
Turn   | Place    | Note
-------+----------+-------------------------------------------
     0 | D:1      | Dirian the Minotaur Fighter began the quest for the Orb.
     0 | D:1      | Reached XP level 1. HP: 19/19 MP: 0/0
    82 | D:1      | Reached XP level 2. HP: 27/27 MP: 1/1
   459 | D:1      | Reached XP level 3. HP: 32/33 MP: 2/2
   643 | D:1      | Reached skill level 3 in Long Blades
  1154 | D:2      | Reached XP level 4. HP: 22/40 MP: 3/3
  1751 | D:3      | Reached skill level 4 in Long Blades
  1860 | D:3      | Noticed Robin
  1873 | D:3      | Killed Robin
  1997 | D:3      | Reached XP level 5. HP: 47/47 MP: 4/4
  2133 | D:3      | Identified the +9 hand axe "Sofoino" {vamp, *Corrode Int+4}
  2166 | D:3      | Found the amulet of Elemental Vulnerability {rPois rF--
                  | rC-- AC+8}
  2367 | D:3      | Noticed Jessica
  2374 | D:3      | Killed Jessica
  2848 | D:4      | Found a staircase to the Ecumenical Temple.
  2848 | D:4      | Noticed Menkaure
  2855 | D:4      | Killed Menkaure
  2856 | D:4      | Reached skill level 5 in Long Blades
  2856 | D:4      | Reached skill level 5 in Armour
  2856 | D:4      | Reached XP level 6. HP: 32/55 MP: 5/5
  2864 | Temple   | Entered the Ecumenical Temple
  2925 | Temple   | Became a worshipper of Warmaster Okawaru
  3092 | D:4      | Noticed a wyvern
  3115 | D:4      | Killed a wyvern
  3116 | D:4      | Reached skill level 5 in Fighting
  3116 | D:4      | Reached skill level 6 in Long Blades
  3378 | D:4      | Found a glowing golden altar of the Shining One.
  3528 | D:5      | Entered Level 5 of the Dungeon
  3529 | D:5      | Noticed Eustachio
  3536 | D:4      | Killed Eustachio
  3537 | D:4      | Reached skill level 5 in Shields
  3537 | D:4      | Reached XP level 7. HP: 47/61 MP: 6/6
  3595 | D:4      | Reached * piety under Okawaru
  3870 | D:5      | Reached skill level 7 in Long Blades
  3906 | D:5      | Found a transporter.
  3912 | D:5      | Noticed mopl's ghost (novice DrEE)
  3915 | D:5      | Found a sacrificial altar of Ru.
  3967 | D:5      | Noticed a wyvern
  3981 | D:5      | Killed a wyvern
  3982 | D:5      | Reached XP level 8. HP: 21/70 MP: 7/7
  4218 | D:4      | HP: 1/70 [black bear (6)]
  4662 | D:4      | Reached ** piety under Okawaru
  4690 | D:5      | Reached skill level 8 in Long Blades
  4879 | D:5      | Found a transporter.
  5552 | D:6      | Reached skill level 9 in Long Blades
  5761 | D:6      | Reached XP level 9. HP: 78/78 MP: 8/8
  6009 | D:6      | Identified a scroll of acquirement
  6053 | D:7      | Reached XP level 10. HP: 84/84 MP: 8/17
  6378 | D:7      | Reached *** piety under Okawaru
  6593 | D:7      | Reached skill level 1 in Evocations
  7246 | D:7      | Gained mutation: You sometimes lose your temper in combat.
                  | [potion of mutation]
  7246 | D:7      | Gained mutation: You occasionally lose the ability to read
                  | scrolls when taking damage. [potion of mutation]
  7246 | D:7      | Gained mutation: Your muscles are strong. (Str +4, Int/Dex
                  | -1) [potion of mutation]
  7276 | D:8      | Noticed Amaemon
  7276 | D:8      | Noticed an orange demon
  7283 | D:7      | Killed an orange demon
  7365 | D:8      | Noticed Pikel
  7377 | D:7      | Killed Amaemon
  7378 | D:7      | Reached skill level 10 in Long Blades
  7381 | D:7      | Killed Pikel
  7547 | D:8      | Reached **** piety under Okawaru
  7700 | D:8      | Found a shadowy altar of Dithmenos.
  7701 | D:8      | Found a blossoming altar of Fedhas.
  8231 | D:9      | Reached XP level 11. HP: 67/92 MP: 18/18
  8437 | D:9      | Found a transporter.
  8581 | D:9      | Reached skill level 11 in Long Blades
  8943 | D:9      | Found a transporter.
  8985 | D:9      | Found Beh Vucw's Jewellery Emporium.
  9028 | D:9      | Bought an amulet of regeneration for 360 gold pieces
  9034 | D:9      | Lost mutation: You sometimes lose your temper in combat.
                  | [potion of mutation]
  9034 | D:9      | Lost mutation: Your muscles are strong. (Str +4, Int/Dex
                  | -1) [potion of mutation]
  9034 | D:9      | Lost mutation: You occasionally lose the ability to read
                  | scrolls when taking damage. [potion of mutation]
  9034 | D:9      | Gained mutation: Your flesh is heat resistant. (rF+)
                  | [potion of mutation]
  9034 | D:9      | Gained mutation: You are clumsy. (Dex -2) [potion of
                  | mutation]
  9175 | D:10     | Entered Level 10 of the Dungeon
  9348 | D:10     | Reached ***** piety under Okawaru
  9433 | D:10     | Found a staircase to the Orcish Mines.
  9617 | D:10     | Found a staircase to the Lair.
  9820 | D:10     | Identified the +1 leather armour of Lepsylec {Harm Will+
                  | Int-4 Stlth+}
 10064 | D:10     | Reached skill level 10 in Armour
 10305 | D:11     | Noticed a two-headed ogre
 10335 | D:11     | Killed a two-headed ogre
 10335 | D:11     | Received a gift from Okawaru
 10336 | D:11     | Reached skill level 12 in Long Blades
 10731 | D:11     | Reached XP level 12. HP: 69/104 MP: 19/19
 11029 | D:11     | Noticed a rakshasa
 11123 | Lair:1   | Entered Level 1 of the Lair of Beasts
 11218 | Lair:1   | Reached skill level 5 in Evocations
 11260 | Lair:1   | Received a gift from Okawaru
 11435 | Lair:1   | Received a gift from Okawaru
 11764 | Lair:1   | Reached skill level 13 in Long Blades
 11831 | Lair:1   | Found a basalt altar of Yredelemnul.
 12170 | Lair:2   | Found a staircase to the Shoals.
 12201 | Lair:2   | You fall into a shaft and drop 1 floor!
 12240 | Lair:3   | Noticed a six-headed hydra
 12251 | Lair:3   | HP: 3/106 [steam dragon (6)]
 12251 | Lair:3   | Mangled by a six-headed hydra

Illustrated notes

Levels and vault maps discovered:
D:1:      eino_arrival_water_cross, layout_basic
D:2:      layout_loops_ring
D:3:      layout_loops_ring, uniq_robin, uniq_jessica
D:4:      minmay_chambers_of_fours, layout_basic, mainiacjoe_overflow_brackets,
          minmay_temple_entry_mist, uniq_menkaure
D:5:      layout_cave_pools, nicolae_ru_sacrificial_ziggurat,
          gammafunk_ghost_stat_death, serial_demonic, serial_demonic_f,
          serial_demonic_a, serial_demonic_d, serial_demonic_b, uniq_eustachio
D:6:      layout_basic
D:7:      layout_cave_pods
D:8:      layout_rooms, grunt_temple_overflow_open, minmay_misc_feat_x,
          uniq_amaemon, uniq_pikel
D:9:      gammafunk_cloud_chamber, layout_loops_ring, kennysheep_small_square
D:10:     layout_stronghold, grunt_lair_entry_orc_guard_hut, david_orc_3,
          serial_ice, serial_ice_g, serial_ice_n, serial_ice_b, serial_ice_f,
          st_stairs_7
D:11:     layout_loops_ring, grunt_tough_drop
Temple:   compressed_dpeg_circular_temple
Lair:1:   layout_gridlike, basic_altar
Lair:2:   layout_small_grid, shoals_dummy_entry,
          minmay_snake_entry_guardpost_small, pond, grunt_megastairs_3,
          infiniplex_staircase_pool_2, lemuel_fruit_tree
Lair:3:   gammafunk_worm_tunnel, layout_long_grid,
          nicolae_volcano_entry_vermiform, infiniplex_staircase_pool

Skill      XL: |  1  2  3  4  5  6  7  8  9 10 11 12 |
---------------+-------------------------------------+-----
Armour         | 4 5 6 7 8 9 10 11 | 11.4
Fighting       | 4 5 6 7 9 |  9.8
Shields        | 4 5 6 7 8 9 |  9.4
Long Blades    | 3 4 5 6 7 9 10 12 13 | 13.1
Invocations    | 11 | 11.5
Evocations     | 2 4 5 |  5.0

Action                     |  1- 3 |  4- 6 |  7- 9 | 10-12 || total
---------------------------+-------+-------+-------+-------++-------
  Melee: Long sword        |   100 |   119 |   195 |   867 ||  1281
         Headbutt          |    10 |    16 |    34 |   194 ||   254
         Scimitar          |       |       |       |    32 ||    32
         Demon whip        |       |       |       |     6 ||     6
 Invoke: Heroism           |       |       |       |    12 ||    12
    Use: Scroll            |     3 |     4 |     4 |    10 ||    21
         Potion            |     1 |     2 |     5 |     6 ||    14
 Armour: Scale mail        |    67 |    66 |   143 |       ||   276
         Chain mail        |       |       |    53 |   647 ||   700
  Dodge: Dodged            |    49 |    46 |   132 |   416 ||   643
  Block: Buckler           |    21 |    41 |    80 |   388 ||   530

Table legend: (Time is in decaauts)
 A = Elapsed time spent in this place.
 B = Non-inter-level travel time spent in this place.
 C = Inter-level travel time spent in this place.
 D = Time resting spent in this place.
 E = Time spent auto-exploring this place.
 F = Levels seen in this place.
 G = Mean time per level.
                   A        B        C        D        E       F      G
               +--------+--------+--------+--------+--------+-----+--------+
         Total |  12211 |  11814 |    397 |    835 |   8132 |  15 |  814.1 |
       Dungeon |  11049 |  10697 |    352 |    835 |   7500 |  11 | 1004.5 |
        Temple |     73 |     62 |     11 |      0 |      0 |   1 |   73.0 |
          Lair |   1087 |   1053 |     34 |      0 |    632 |   3 |  362.3 |
               +--------+--------+--------+--------+--------+-----+--------+

Top non-repeatable levels by time:
     D:4: 1429 daAuts
     D:7: 1363 daAuts
    D:10: 1151 daAuts
     D:6: 1006 daAuts
     D:5: 1001 daAuts
     D:9: 965 daAuts
     D:3: 884 daAuts
  Lair:1: 866 daAuts
     D:1: 861 daAuts
     D:2: 843 daAuts
     D:8: 816 daAuts
    D:11: 727 daAuts
  Lair:2: 172 daAuts
  Temple: 73 daAuts
  Lair:3: 48 daAuts
